Map: Temple of the Past

Players

Michu

  • Race: Zerg Zerg

NamroodTuo

  • Race: Zerg Zerg

VOD

Have the link to the VOD?

Description

Time

  • Played on: Jan. 11, 2023, 3:39 p.m.
  • Length: 12:41
Show
View Real Time Build Order
Export as new Build Order

Michu Zerg 

Build Orders:  

Get SALT Encoding   

  18  0:04  Primal Drone  
  19  0:11  Primal Drone  
  20  0:21  Primal Drone  
  20  0:24  Primal Drone  
  22  0:34  Extractor  
  22  0:50  Primal Drone x2  
  24  1:04  Unknown  
  24  1:07  Primal Drone  
  25  1:25  Primal Warden  
  26  1:47  Primal Drone x2  
  26  1:49  Extractor  
  28  3:02  Primal Drone x4  
  32  3:12  Primal Drone  
  32  3:13  Glevig's Den  
  32  3:29  Primal Drone  
  33  4:25  Primal Drone x4  
  37  4:49  Murvar's Den  
  36  4:51  Primal Carapace Level 1  
  36  4:53  Primal Drone  
  37  5:59  Primal Zergling x5  
  42  7:21  Primal Drone  
  42  7:22  Primal Drone x4  
  47  7:49  Primal Drone  
  48  7:51  Primal Carapace Level 2  
  48  8:09  Primal Hive  
  53  9:00  Primal Drone  
  53  9:01  Primal Drone x4  
  58  10:27  Primal Drone x4  
  58  10:28  Extractor, Primal Drone  
  63  10:30  Extractor  
  63  11:43  Dakrun's Den  
  62  11:52  Primal Drone x2  
  62  11:53  Primal Drone x3  
  65  12:33  Unknown x2  
Show
View Real Time Build Order
Export as new Build Order

NamroodTuo Zerg 

Build Orders:  

Get SALT Encoding   

  12  0:21  Infested Barracks  
  12  0:26  Infested SCV  
  13  0:33  Infested SCV  
  14  0:53  Overlord  
  14  0:59  Infested SCV  
  15  1:24  Infestation Level 1  
  15  1:29  Infested Marine  
  16  1:30  Infested Marine  
  16  1:37  Infested SCV  
  16  1:38  Infested SCV  
  16  1:39  Infested SCV  
  20  1:43  Infested SCV  
  20  1:48  Infested SCV  
  22  1:58  Overlord  
  22  2:12  Overlord  
  22  2:15  Infested Marine  
  23  2:25  Infested Marine  
  23  2:26  Infested Marine x2  
  23  2:27  Infested Marine x4  
  23  2:28  Infested Marine  
  31  2:44  Infested SCV x2  
  33  2:55  Infested Engineering Bay  
  33  2:58  Infested SCV  
  32  3:26  Infested Bunker  
  27  4:24  Infested Refinery  
  27  4:28  Infested SCV x4, Infested Refinery  
  27  4:29  Infested SCV  
  32  4:37  Infested Barracks  
  32  4:57  Infested Bunker  
  36  5:03  Overlord  
  36  5:04  Overlord  
  35  5:57  Infested Missile Turret  
  39  6:14  Infested Barracks Tech Lab  
  39  6:29  Infested Missile Turret  
  35  7:01  Infested Missile Turret  
  35  7:18  Retinal Augmentation  
  35  7:27  Infested SCV x2  
  35  7:28  Infested SCV x3  
  40  7:39  Infested Barracks, Regenerative Plating  
  40  7:56  Infested Bunker  
  48  8:18  Plagued Munitions  
  44  8:32  Infestation Level 2  
  44  8:43  Infested Bunker  
  44  8:57  Infested Marine  
  44  8:58  Infested Marine x10  
  55  9:08  Overlord x2  
  55  9:09  Overlord  
  55  9:23  Infested Barracks  
  55  9:44  Infested Marine  
  55  9:45  Infested Marine x12  
  55  9:46  Infested Marine x3  
  67  10:32  Anaerobic Enhancement  
  48  10:50  Overlord x5  
  36  11:52  Overlord  
  36  11:53  Overlord x2  
  36  11:54  Overlord  
Tags
 
Add a new tag
Caveats
  • Supply blocks, unpowered buildings, or Contaminate may cause inaccurate times.
  • Supply counts are checked every 10 seconds.